 Dungeon Crawl Stone Soup version 0.29-a0-360-g8ed1089bbe (webtiles) character file.

Game seed: 7232315569560426195

1489 timneilson the Shield-Bearer (level 8, -7/49 HPs)
             Began as a Gargoyle Fighter on Apr 29, 2022.
             Mangled by Prince Ribbit (8 damage)
             ... on level 5 of the Dungeon.
             The game lasted 00:12:14 (5410 turns).

timneilson the Shield-Bearer (Gargoyle Fighter)     Turns: 5410, Time: 00:12:14

Health: -7/49      AC: 17    Str: 22    XL:     8   Next: 80%
Magic:  8/8        EV:  8    Int:  9    God:
Gold:   234        SH:  5    Dex:  9    Spells: 7/7 levels left

rFire   . . .      SeeInvis .   a - +1 long sword (freeze)
rCold   . . .      Faith    .   c - +0 buckler
rNeg    + . .      Spirit   .   h - +0 chain mail
rPois   ∞          Reflect  .   u - +0 helmet
rElec   +          Harm     .   (no cloak)
rCorr   .          Rampage  .   (no gloves)
Will    .....                   (no boots)
Stlth   ..........              (no amulet)
HPRegen 0.16/turn               (no ring)
MPRegen 0.11/turn               (no ring)

@: no status effects
A: sickness immunity, AC +5, negative energy resistance 1, electricity
resistance, torment resistance 1, petrification resistance
a: no special abilities


You were on level 5 of the Dungeon.
You visited 1 branch of the dungeon, and saw 5 of its levels.

You collected 234 gold pieces.

Inventory:

Hand Weapons
 a - a +1 long sword of freezing (weapon)
Armour
 c - a +0 buckler (worn)
 h - a +0 chain mail (worn)
 u - a +0 helmet (worn)
Jewellery
 t - a ring of flight
Wands
 r - a wand of polymorph (6)
Scrolls
 b - a scroll of magic mapping
 e - 3 scrolls of identify
 v - a scroll of teleportation
Potions
 j - 2 potions of attraction
 k - a potion of lignification
 l - a potion of mutation
 n - a potion of curing
 o - a potion of ambrosia
 p - a potion of heal wounds
 q - a potion of magic
 s - a potion of flight


   Skills:
 + Level 5.0 Fighting
 * Level 4.9 Long Blades
 * Level 6.4 Armour
 + Level 2.5 Dodging
 * Level 6.6 Shields
 + Level 2.3 Evocations


You had 7 spell levels left.
You didn't know any spells.
Your spell library contained the following spells:

 Spells                   Type           Power      Damage    Failure   Level
 Freeze                   Ice            0%         1d3       98%         1
 Corpse Rot               Necr/Air       0%         N/A       99%         2
 Poisonous Vapours        Pois/Air       0%         N/A       99%         2
 Frozen Ramparts          Ice            0%         1d2       100%        3
 Hailstorm                Conj/Ice       0%         3d3       100%        4


Dungeon Overview and Level Annotations

Branches:
Dungeon (5/15)
 Temple: D:4-7

Altars:
Makhleb
Nemelex Xobeh
Zin

Shops:
D:3 *

Annotations:
D:3 3 runed translucent doors, jlumianski's ghost, amateur DsFi
D:5 Prince Ribbit


Innate Abilities, Weirdness & Mutations

You are immune to sickness and miasma.
Your stone body is resilient. (AC +5)
You are immune to poison.
You resist negative energy. (rN+)
You are resistant to electric shocks. (rElec)
You are resistant to unholy torment.
You are immune to petrification.


Message History

Prince Ribbit hits you.
You closely miss the ice beast.
The ice beast is severely wounded.
The hound bites you but does no damage. You block the ice beast's attack.
You block the iguana's attack. Prince Ribbit hits you.
The hound barely misses you.
The ice beast hits you but does no damage.
You block the iguana's attack.
Prince Ribbit hits you but does no damage.
You hit the ice beast.
The ice beast is almost dead.
The hound bites you but does no damage. Prince Ribbit hits you!
The ice beast barely misses you.
The iguana bites you but does no damage.
The hound bites you but does no damage.
You hit the ice beast but do no damage.
The ice beast is almost dead.
Prince Ribbit blinks!
You block the hound's attack.
The ice beast hits you but does no damage.
The iguana bites you!
* * * LOW HITPOINT WARNING * * *
Unknown command.
You hit the ice beast.
You kill the ice beast!
The hound stops to sniff the ground.
The hound bites you but does no damage.
The iguana bites you but does no damage.
The hound bites you but does no damage.
Unknown command.
The iguana bites you!
* * * LOW HITPOINT WARNING * * *
Prince Ribbit hops awkwardly around.
The hound bites you but does no damage. The iguana attacks as you move away!
The iguana closely misses you.
Prince Ribbit blinks!
Prince Ribbit barely misses you. Prince Ribbit attacks as you move away!
You block Prince Ribbit's attack.
Prince Ribbit hops awkwardly around.
Prince Ribbit hits you!
You die...

...........##.#
#....).......
#............
#####.......#
.......##.### ##....l.#
#......# ##..Fh..#
#...@.### .... ##....#
... ##..### ... ##.....#
..# #......## .... ##o##
###.....# #..# ..>
###.(...## .....##.# #
##....##)####.#......###
#....###....#.##.....<##


You could see Prince Ribbit, an iguana and a hound.

Vanquished Creatures
  5 yaks (D:4)
  An ice beast (D:5)
  A centaur (D:5)
  2 scorpions (D:4)
  A hound (D:4)
  An orc priest (D:4)
  A gnoll shaman (D:4)
  An iguana (D:4)
  Natasha (thrice) (D:3)
  4 orc wizards
  8 gnolls (D:4)
  3 adders (D:2)
  2 worms (D:2)
  5 dart slugs
  18 orcs
  3 bats
  4 endoplasms
  4 giant cockroaches
  6 goblins
  5 hobgoblins
  5 jackals (D:1)
  A quokka (D:3)
  9 ball pythons
  4 frilled lizards
  5 kobolds
  6 rats
108 creatures vanquished.

Notes
Turn   | Place    | Note
-------+----------+-------------------------------------------
     0 | D:1      | timneilson the Gargoyle Fighter began the quest for the
                  | Orb.
     0 | D:1      | Reached XP level 1. HP: 14/14 MP: 1/1
     5 | D:1      | Found a faded altar of an unknown god.
   124 | D:1      | Reached XP level 2. HP: 5/19 MP: 2/2
   797 | D:1      | Reached XP level 3. HP: 23/23 MP: 3/3
  1714 | D:2      | Reached XP level 4. HP: 28/28 MP: 4/4
  2405 | D:3      | Found Emink's General Store.
  2407 | D:3      | Found a runed translucent gate.
  2407 | D:3      | Found a runed translucent gate.
  2407 | D:3      | Found a runed translucent gate.
  2454 | D:3      | Reached XP level 5. HP: 13/33 MP: 5/5
  2695 | D:3      | Noticed Natasha
  2708 | D:3      | Killed Natasha
  2709 | D:3      | Reached skill level 1 in Dodging
  2723 | D:3      | Noticed Natasha
  2731 | D:3      | Killed Natasha
  2934 | D:3      | Noticed Natasha
  3055 | D:3      | Killed Natasha
  3056 | D:3      | Reached XP level 6. HP: 36/38 MP: 6/6
  3233 | D:3      | Noticed jlumianski's ghost (amateur DsFi)
  3329 | D:4      | Found a burning altar of Makhleb.
  3472 | D:4      | Reached skill level 5 in Shields
  3783 | D:4      | Reached XP level 7. HP: 43/43 MP: 7/7
  3792 | D:4      | Reached skill level 5 in Armour
  3909 | D:4      | Found a sparkling altar of Nemelex Xobeh.
  4071 | D:4      | Reached skill level 1 in Evocations
  4521 | D:4      | Found a glowing silver altar of Zin.
  4690 | D:5      | Entered Level 5 of the Dungeon
  4690 | D:5      | Noticed a yak
  4690 | D:5      | Noticed a yak
  4690 | D:5      | Noticed a yak
  4690 | D:5      | Noticed a yak
  4690 | D:5      | Noticed a yak
  4705 | D:4      | Killed a yak
  4877 | D:4      | Killed a yak
  4878 | D:4      | Reached XP level 8. HP: 39/48 MP: 8/8
  4891 | D:4      | Killed a yak
  4976 | D:4      | Killed a yak
  5182 | D:4      | Killed a yak
  5183 | D:4      | Reached skill level 5 in Fighting
  5389 | D:5      | Noticed Prince Ribbit
  5406 | D:5      | HP: 1/49 [iguana (9)]
  5410 | D:5      | Mangled by Prince Ribbit

Illustrated notes

Levels and vault maps discovered:
D:1:      amcnicky_arrival_choice, layout_basic,
          ebering_ecumenical_altar_petrified, minmay_liquid_box,
          kennysheep_nondescript, lemuel_flame_loot_1
D:2:      layout_loops_corners
D:3:      layout_rooms, gammafunk_ghost_necromancy, serial_shops,
          nicolae_shop_crystal, uniq_natasha
D:4:      layout_loops_ring, mainiacjoe_overflow_chevrons, zin_scriptorium,
          nemelex_xobeh_ov_fountains_minmay, serial_glass, glass_columns_b,
          glass_columns_b, grunt_decor_cap, serial_park_tiny_1
D:5:      layout_cave_pools, minmay_temple_entry_grid, serial_shops,
          nicolae_inconvenience_store, uniq_grinder, uniq_prince_ribbit1

Skill      XL: |  1  2  3  4  5  6  7  8 |
---------------+-------------------------+-----
Long Blades    | 2 3 4 |  4.9
Shields        | 4 5 6 |  6.6
Armour         | 4 5 6 |  6.4
Dodging        | 1 2 |  2.5
Fighting       | 4 5 |  5.0
Evocations     | 1 2 |  2.3

Action                   |  1- 3 |  4- 6 |  7- 9 || total
-------------------------+-------+-------+-------++-------
Melee: Long sword        |   119 |   153 |   125 ||   397
  Use: Scroll            |     6 |    11 |     5 ||    22
       Potion            |       |       |     3 ||     3
Armor: Scale mail        |    54 |    81 |       ||   135
       Chain mail        |       |    31 |   105 ||   136
Dodge: Dodged            |    50 |    63 |    60 ||   173
Block: Buckler           |    29 |    37 |    34 ||   100

Table legend: (Time is in decaauts)
 A = Elapsed time spent in this place.
 B = Non-inter-level travel time spent in this place.
 C = Inter-level travel time spent in this place.
 D = Time resting spent in this place.
 E = Time spent auto-exploring this place.
 F = Levels seen in this place.
 G = Mean time per level.
                   A        B        C        D        E       F      G
               +--------+--------+--------+--------+--------+-----+--------+
         Total |   5512 |   5358 |    154 |    784 |   3326 |   5 | 1102.4 |
       Dungeon |   5512 |   5358 |    154 |    784 |   3326 |   5 | 1102.4 |
               +--------+--------+--------+--------+--------+-----+--------+

Top non-repeatable levels by time:
     D:4: 2063 daAuts
     D:2: 1292 daAuts
     D:1: 1149 daAuts
     D:3: 894 daAuts
     D:5: 112 daAuts
